 Dungeon Crawl Stone Soup version 0.26.1-11-gd32895ea62 (webtiles) character file.

Game seed: 17594101302892610898

274 promet the Grave Robber (level 6, -2/35 HPs)
             Began as a Deep Elf Necromancer on July 12, 2021.
             Slain by Duvessa
             ... wielding a cursed -1 short sword
              (10 damage)
             ... on level 4 of the Dungeon.
             The game lasted 00:27:56 (5443 turns).

promet the Grave Robber (Deep Elf Necromancer)      Turns: 5443, Time: 00:27:57

Health: -2/35      AC:  3    Str:  7    XL:     6   Next: 3%
Magic:  9/16       EV: 13    Int: 26    God:
Gold:   118        SH:  0    Dex: 15    Spells: 11/16 levels left

rFire    + + .     SeeInvis .   a - +7 great mace "Firestarter" {inner flame, rF++}
rCold    . . .     Faith    .   (shield currently unavailable)
rNeg     . . .     Spirit   .   f - +0 robe
rPois    +         Reflect  .   m - +0 helmet
rElec    .         Harm     .   (no cloak)
rCorr    .         Rampage  .   (no gloves)
Will     .....                  (no boots)
Stlth    ++........             (no amulet)
HPRegen  0.11/turn              k - +6 ring of intelligence
MPRegen  0.15/turn              j - ring of poison resistance

@: no status effects
A: no striking features
a: no special abilities


You were on level 4 of the Dungeon.
You visited 1 branch of the dungeon, and saw 4 of its levels.

You collected 118 gold pieces.

Inventory:

Hand Weapons
 a - the +7 great mace "Firestarter" (weapon) {inner flame, rF++}
   (You found it on level 4 of the Dungeon)

   It has been specially enchanted to burn those struck by it, causing extra
   injury to most foes and up to half again as much damage against particularly
   susceptible opponents.
   It greatly protects you from fire.
 b - a +0 hunting sling
 o - a +1 dagger
 t - a +0 short sword
Missiles
 d - 51 arrows
 e - 4 silver javelins
 h - 153 stones
 s - 8 poisoned darts (quivered)
Armour
 f - a +0 robe (worn)
 m - a +0 helmet (worn)
Jewellery
 c - an uncursed ring of fire
 j - a ring of poison resistance (right hand)
 k - a +6 ring of intelligence (left hand)
Scrolls
 g - 2 scrolls of teleportation
 n - a scroll of enchant weapon
 p - a scroll of remove curse
 q - 2 scrolls of identify
Potions
 i - 3 potions of curing
 l - a potion of heal wounds {unknown}
 r - a potion of magic {unknown}


   Skills:
 * Level 1.8 Fighting
 + Level 0.4 Short Blades
 + Level 0.6(0.8) Slings
 + Level 0.6(1.0) Throwing
 + Level 2.7 Dodging
 + Level 2.9 Stealth
 + Level 5.5 Spellcasting
 + Level 6.2 Necromancy


You had 11 spell levels left.
You knew the following spells:

 Your Spells              Type           Power        Failure   Level
a - Pain                  Necr           100%         1%          1
b - Animate Skeleton      Necr           78%          1%          1
c - Vampiric Draining     Necr           19%          1%          3

Your spell library contained the following spells:

 Spells                   Type           Power        Failure   Level
 Animate Dead             Necr           19%          5%          4
 Agony                    Necr           39%          16%         5


Dungeon Overview and Level Annotations

Branches:
Dungeon (4/15)
 Temple: D:4-7

Altars:

Annotations:
D:4 1 runed translucent door, Blork the orc; Duvessa; Ekaitz's ghost, amateur HOFE


Message History

Duvessa writhes in agony.
Duvessa closely misses you.
Duvessa hits you with a cursed -1 short sword.
Casting: Pain (safe; 1% risk of failure)
Confirm with . or Enter, or press ? or * to list all spells.
Aiming: Pain (safe; 1% risk of failure)
Press: ? - help, Shift-Dir - straight line, f/p - Duvessa
Aim: Duvessa, wielding a -1 short sword and wearing a +4 chain mail of fire resistance (moderately wounded, berserk, very poisoned, chance to affect: 71%) Duvessa struggles to resist.
Duvessa hits you with a cursed -1 short sword!
Casting: Pain (safe; 1% risk of failure)
Confirm with . or Enter, or press ? or * to list all spells.
Aiming: Vampiric Draining (safe; 1% risk of failure)
Press: ? - help, Shift-Dir - straight line, f/p - Duvessa
Aim: Duvessa, wielding a -1 short sword and wearing a +4 chain mail of fire resistance (moderately wounded, berserk, very poisoned) Duvessa is heavily wounded.
You feel life coursing into your body.
Duvessa hits you with a cursed -1 short sword!
* * * LOW HITPOINT WARNING * * *
Duvessa hits you with a cursed -1 short sword!
You die...

#...............................
#.......(....>..................
#####...........##..............
#.............................
#....................oo.......
####...................<.o.......
#................................
#............#.e................o
#............#..@.....[>.........
#............#...................
######...........###.............
#.............................
#.............................
###.................... .....
#................[..... .....
##...............###.... .....
#....................... .....


You could see Duvessa (berserk, very poisoned).

Vanquished Creatures
  An ogre (D:4)
  Dowan (D:4)
  An orc wizard (D:4)
  4 adders
  An ooze (D:3)
  3 worms
  A dart slug (D:2)
  2 leopard geckos (D:3)
  3 orcs (D:4)
  5 bats
  2 giant cockroaches
  3 goblins (D:1)
  10 hobgoblins
  4 jackals (D:2)
  3 quokkas
  3 frilled lizards
  6 kobolds
  2 rats
55 creatures vanquished.

Vanquished Creatures (collateral kills)
  A leopard gecko (D:2)
  A goblin (D:3)
  A rat (D:2)
3 creatures vanquished.

Grand Total: 58 creatures vanquished

Notes
Turn   | Place    | Note
-------+----------+-------------------------------------------
     0 | D:1      | promet the Deep Elf Necromancer began the quest for the
                  | Orb.
     0 | D:1      | Reached XP level 1. HP: 10/10 MP: 6/6
   146 | D:1      | Reached skill level 5 in Necromancy
   650 | D:1      | Reached XP level 2. HP: 14/15 MP: 6/8
   654 | D:1      | Learned a level 1 spell: Animate Skeleton
  1463 | D:2      | Reached XP level 3. HP: 19/20 MP: 7/9
  2556 | D:2      | Reached XP level 4. HP: 4/24 MP: 3/12
  3013 | D:2      | Reached skill level 1 in Fighting
  3409 | D:3      | Learned a level 3 spell: Vampiric Draining
  3891 | D:4      | Noticed an ogre
  4023 | D:4      | Noticed Dowan
  4025 | D:4      | Noticed Duvessa
  4141 | D:4      | Killed an ogre
  4142 | D:4      | Reached skill level 5 in Spellcasting
  4142 | D:4      | Reached skill level 6 in Necromancy
  4142 | D:4      | Reached XP level 5. HP: 18/29 MP: 6/14
  4374 | D:4      | Noticed Blork the orc
  5202 | D:4      | Found the +7 great mace "Firestarter" {inner flame, rF++}
  5272 | D:4      | Found a runed translucent door.
  5278 | D:4      | Noticed Ekaitz's ghost (amateur HOFE)
  5308 | D:4      | Killed Dowan
  5309 | D:4      | Reached XP level 6. HP: 27/35 MP: 12/16
  5443 | D:4      | Slain by Duvessa

Illustrated notes

Levels and vault maps discovered:
D:1:      dpeg_arrival_simpleton_a, layout_basic
D:2:      layout_basic, minmay_misc_feat_iff
D:3:      minmay_chambers_of_twos, layout_rooms, nicolae_qazlal_eye_of_the_storm
D:4:      layout_basic, ebering_ghost_sewer_f, uniq_blork_the_orc, uniq_sigmund,
          uniq_duvessa

Skill      XL: |  1  2  3  4 |
---------------+-------------+-----
Necromancy     | 5 6 |  6.2
Spellcasting   | 4 5 |  5.5
Fighting       | 1 |  1.8
Short Blades   | |  0.4
Slings         | |  0.6
Throwing       | |  0.6
Dodging        | |  2.7
Stealth        | |  2.9

Action                   |  1- 3 |  4- 6 || total
-------------------------+-------+-------++-------
Melee: Dagger            |    36 |    12 ||    48
       Short sword       |       |    14 ||    14
       Unarmed           |       |     2 ||     2
       Great mace        |       |     1 ||     1
 Fire: Hunting sling     |    21 |     4 ||    25
Throw: Javelin           |       |     9 ||     9
       Dart              |       |    10 ||    10
 Cast: Pain              |    50 |    42 ||    92
       Animate Skeleton  |     8 |     5 ||    13
       Vampiric Draining |       |     7 ||     7
  Use: Scroll            |     4 |     6 ||    10
       Potion            |     1 |       ||     1
 Stab: Sleeping          |     1 |       ||     1
Armor: Robe              |    16 |     5 ||    21
Dodge: Dodged            |    40 |    43 ||    83
